 Dungeon Crawl Stone Soup version 0.28-a0-1555-g9ae15a6949 (webtiles) character file.

Game seed: 1915642596930130368

5789 mordus the Carver (level 11, 0/75 HPs)
             Began as a Formicid Fighter on Jan 18, 2022.
             Was a High Priest of Okawaru.
             Slain by a red ugly thing (12 damage)
             ... on level 9 of the Dungeon.
             The game lasted 00:17:37 (9577 turns).

mordus the Carver (Formicid Fighter)                Turns: 9577, Time: 00:17:37

Health: 0/75       AC: 14    Str: 28    XL:     11   Next: 6%
Magic:  15/15      EV:  7    Int:  7    God:    Okawaru [*****.]
Gold:   430        SH: 13    Dex: 22    Spells: 10/10 levels left

rFire   + . .      SeeInvis +   r - +7 long sword "Gibi" {protect, rElec Dex+6}
rCold   . . .      Faith    .   i - +0 kite shield
rNeg    . . .      Spirit   .   w - +2 chain mail {rF+}
rPois   .          Reflect  .   (helmet unavailable)
rElec   +          Harm     .   (no cloak)
rCorr   .          Rampage  .   (no gloves)
Will    +....                   p - +0 pair of boots
Stlth   ..........              (no amulet)
HPRegen 0.22/turn               k - +4 ring of slaying
MPRegen 0.14/turn               y - +6 ring of dexterity

@: no status effects
A: permanent stasis, dig shafts and tunnels, antennae 3, four strong arms,
electricity resistance, strong 1
a: Dig, Shaft Self, Renounce Religion, Heroism, Finesse, Duel


You were on level 9 of the Dungeon.
You worshipped Okawaru.
Okawaru was extremely pleased with you.
You visited 2 branches of the dungeon, and saw 10 of its levels.

You collected 518 gold pieces.
You spent 88 gold pieces at shops.

Inventory:

Hand Weapons
 a - a +1 long sword
 e - the +6 demon blade of the Eternal Void {vorpal, rElec rN+}
   (You acquired it on level 6 of the Dungeon)

   It inflicts extra damage upon your enemies.
   rElec:     It insulates you from electricity.
   rN:        It protects you from negative energy.
 r - the +7 long sword "Gibi" (weapon) {protect, rElec Dex+6}
   (You found it on level 2 of the Dungeon)

   It grants its wielder temporary protection when it strikes (+7 to AC).
   Dex:       It affects your dexterity (+6).
   rElec:     It insulates you from electricity.
 t - a +2 scimitar of flaming
 v - a +2 great sword
Armour
 c - +0 acid dragon scales
 f - a +2 buckler
 i - a +0 kite shield (worn)
 m - +0 steam dragon scales
 p - a +0 pair of boots (worn)
 s - a +0 chain mail
 w - a +2 chain mail of fire resistance (worn)
Jewellery
 b - a ring of poison resistance
 j - a +6 ring of intelligence
 k - a +4 ring of slaying (left hand)
 l - an amulet of magic regeneration
 y - a +6 ring of dexterity (right hand)
Wands
 x - a wand of polymorph (12)
 z - a wand of flame (24)
Scrolls
 g - 2 scrolls of amnesia
 o - 10 scrolls of identify
 q - a scroll of magic mapping
Potions
 d - a potion of might
 h - a potion of curing
 n - a potion of flight
 u - a potion of cancellation
 A - a potion of heal wounds


   Skills:
 - Level 3.2 Fighting
 * Level 10.7 Long Blades
 + Level 8.8 Armour
 + Level 9.6 Shields
 + Level 6.5 Invocations


You had 10 spell levels left.
You didn't know any spells.
Your spell library contained the following spells:

 Spells                   Type           Power      Damage    Failure   Level
 Leda's Liquefaction      Hex/Erth       0%         N/A       100%        4
 Lee's Rapid Deconstruct  Erth           0%         3d5*      100%        5
 Statue Form              Tmut/Erth      0%         N/A       100%        6


Dungeon Overview and Level Annotations

Branches:
Dungeon (9/15)             Temple (1/1) D:4             Orc (0/2) D:9
   Lair: D:8-11

Altars:
Ashenzari
Cheibriados
Dithmenos
Elyvilon
Fedhas
Gozag
Kikubaaqudgha
Makhleb
Nemelex Xobeh
Okawaru
Ru
Sif Muna
Trog
Uskayaw
Vehumet
Xom
Yredelemnul
Zin
The Shining One

Shops:
D:8 !(   D:9 ?!:

Portals:
Bailey: D:9

Annotations:
D:4 2 transporters
D:6 1 runed translucent door, psuckher's ghost, weakling BaDe


Innate Abilities, Weirdness & Mutations

You cannot be hasted, slowed, berserked, paralysed or teleported.
You can dig through walls and to a lower floor.
You have a pair of large antennae on your head. (SInv)
Your four strong arms can wield two-handed weapons with a shield.
You are resistant to electric shocks. (rElec)
Your muscles are strong. (Str +2)


Message History

There is an open door here.
You see here 6 stones.
You open the door.
There is an open door here.
There is an open door here.
There is a fountain of clear blue water here.
You hear the loud creaking of a portcullis very nearby.
There is an open door here.
You sense a monster nearby.
Okay, then.
A red ugly thing comes into view.
There is an open door here.
A red ugly thing is nearby!
You closely miss the red ugly thing. The red ugly thing trunk-slaps you.
You are engulfed in flames!
You resist.
You slash the red ugly thing!
Your weapon exudes an aura of protection.
The red ugly thing is moderately wounded.
The red ugly thing trunk-slaps you.
You are engulfed in flames!
You resist.
You completely miss the red ugly thing.
The red ugly thing is moderately wounded.
The red ugly thing trunk-slaps you!
You are engulfed in flames.
You resist.
You hit the red ugly thing.
The red ugly thing is moderately wounded.
The red ugly thing trunk-slaps you but does no damage.
You closely miss the red ugly thing.
The red ugly thing is moderately wounded.
The red ugly thing trunk-slaps you.
You are engulfed in flames!
You resist.
* * * LOW HITPOINT WARNING * * *
There is an open door here.
The red ugly thing trunk-slaps you.
* * * LOW HITPOINT WARNING * * *
You are engulfed in flames!
You resist.
* * * LOW HITPOINT WARNING * * *
You hear the loud creaking of a portcullis nearby.
There is an open door here.
You block the red ugly thing's attack.
The red ugly thing completely misses you.
The red ugly thing trunk-slaps you!
You die...

#>...##.##
#.......'.#....
#....#..#
#≈≈≈≈≈..###....
#....'.## #≈###≈.##
#.... #....### #≈#∩'!.#
#.... ###'### #≈###≈##
.. #...# #≈ ≈≈≈#
#######.### #######+###
#.........# #.........#
#.........###@........#
#...<.......'u........#
#.........###.........#
#.........# #.........#
#.........#
#.........###
#.[.......#
#.......(.'.######
#........!#
#.[.......#.......
.[.......#
#.........########
#####.#####.##'###### #


You could see a red ugly thing.

Vanquished Creatures
  A two-headed ogre (D:8)
  Maggie (D:8)
  Prince Ribbit (D:6)
  A shadow (D:9)
  2 wyverns (D:7)
  A wraith (D:9)
  Sigmund (D:3)
  3 two-headed ogre zombies (D:9)
  An acid dragon (D:9)
  A water moccasin (D:7)
  3 orc warriors
  2 ice beasts
  3 ogres
  2 centaurs (D:5)
  2 bullfrogs
  2 gnoll sergeants
  2 scorpions (D:5)
  2 troll zombies (D:9)
  5 killer bees
  4 wights (D:7)
  3 centaur zombies
  3 bullfrog zombies
  3 jellies
  3 bullfrog skeletons
  A gnoll shaman (D:5)
  6 orc priests
  3 hounds
  2 centaur skeletons (D:7)
  4 iguanas
  7 orc wizards
  A killer bee zombie (D:8)
  3 ogre zombies (D:9)
  A hound zombie (D:5)
  2 hound skeletons
  A howler monkey skeleton (D:6)
  17 gnolls
  6 adders
  2 ufetubi (D:4)
  A worm (D:3)
  2 dart slugs
  15 orcs
  8 endoplasms
  4 giant cockroaches
  4 goblins
  8 hobgoblins
  2 jackals (D:3)
  6 quokkas
  9 ball pythons
  7 bats
  2 frilled lizards (D:1)
  3 goblin zombies (D:9)
  2 hobgoblin skeletons (D:9)
  3 hobgoblin zombies (D:9)
  6 kobolds
  3 orc skeletons (D:9)
  14 orc zombies (D:9)
  5 rats
212 creatures vanquished.

Vanquished Creatures (others)
  3 fungi (D:2)
  13 plants
16 creatures vanquished.

Grand Total: 228 creatures vanquished

Notes
Turn   | Place    | Note
-------+----------+-------------------------------------------
     0 | D:1      | mordus the Formicid Fighter began the quest for the Orb.
     0 | D:1      | Reached XP level 1. HP: 18/18 MP: 1/1
   240 | D:1      | Reached XP level 2. HP: 24/24 MP: 2/2
   836 | D:1      | Reached XP level 3. HP: 10/29 MP: 3/3
  1462 | D:2      | Reached skill level 3 in Long Blades
  1564 | D:2      | Found a faded altar of an unknown god.
  1570 | D:2      | Reached XP level 4. HP: 28/35 MP: 4/4
  1974 | D:2      | Identified the +7 long sword "Gibi" {protect, rElec Dex+6}
  2234 | D:3      | Reached XP level 5. HP: 36/41 MP: 5/5
  2350 | D:3      | Reached skill level 4 in Long Blades
  2464 | D:3      | Reached XP level 6. HP: 46/47 MP: 6/6
  3026 | D:3      | Noticed Sigmund
  3035 | D:3      | Killed Sigmund
  3036 | D:3      | Reached skill level 5 in Long Blades
  3036 | D:3      | Reached skill level 5 in Shields
  3036 | D:3      | Reached XP level 7. HP: 46/52 MP: 7/7
  3080 | D:3      | Found a burning altar of Makhleb.
  3080 | D:3      | Noticed a green death
  3083 | D:3      | Noticed a hellwing
  3083 | D:3      | Noticed a smoke demon
  3250 | D:4      | Found a staircase to the Ecumenical Temple.
  3273 | Temple   | Entered the Ecumenical Temple
  3281 | Temple   | Became a worshipper of Warmaster Okawaru
  3748 | D:4      | Found a transporter.
  3880 | D:4      | Found a transporter.
  4134 | D:5      | Entered Level 5 of the Dungeon
  4160 | D:5      | Reached skill level 5 in Armour
  4408 | D:5      | Reached skill level 6 in Long Blades
  4527 | D:5      | Reached * piety under Okawaru
  4528 | D:5      | Reached XP level 8. HP: 43/58 MP: 8/8
  4940 | D:5      | Found a shimmering altar of Xom.
  5139 | D:5      | Reached skill level 7 in Long Blades
  5224 | D:6      | Reached ** piety under Okawaru
  5229 | D:6      | Identified a scroll of acquirement
  5229 | D:6      | Acquired the +6 demon blade of the Eternal Void {vorpal,
                  | rElec rN+}
  5533 | D:6      | Noticed Prince Ribbit
  5542 | D:6      | Killed Prince Ribbit
  5543 | D:6      | Reached skill level 1 in Invocations
  5617 | D:6      | Found a runed translucent door.
  5617 | D:6      | Found a shimmering altar of Xom.
  5617 | D:6      | Noticed psuckher's ghost (weakling BaDe)
  5621 | D:6      | Reached XP level 9. HP: 53/64 MP: 10/10
  5677 | D:6      | Noticed a +0 falchion of chaos
  5881 | D:6      | Reached skill level 8 in Long Blades
  6319 | D:6      | Reached *** piety under Okawaru
  7098 | D:7      | Reached skill level 9 in Long Blades
  7106 | D:7      | Reached XP level 10. HP: 70/70 MP: 13/13
  7193 | D:7      | Reached **** piety under Okawaru
  7419 | D:7      | Found a shadowy altar of Dithmenos.
  7549 | D:6      | HP: 3/70 [killer bee (3)]
  7551 | D:6      | HP: 1/70 [killer bee (3)]
  7558 | D:6      | Reached skill level 5 in Invocations
  8097 | D:8      | Gained mutation: Your muscles are strong. (Str +2) [potion
                  | of mutation]
  8097 | D:8      | Gained mutation: You are resistant to electric shocks.
                  | (rElec) [potion of mutation]
  8165 | D:8      | Found Enubb's Weapon Boutique.
  8493 | D:8      | Found Finiqiq's Distillery.
  8631 | D:8      | Noticed Maggie
  8646 | D:8      | Killed Maggie
  8662 | D:8      | Noticed a two-headed ogre
  8669 | D:8      | Killed a two-headed ogre
  8670 | D:8      | Reached skill level 10 in Long Blades
  9009 | D:9      | Found Qassaew's Distillery.
  9012 | D:9      | Bought a potion of degeneration for 13 gold pieces
  9022 | D:9      | Found Hopu's Book Boutique.
  9037 | D:9      | Reached ***** piety under Okawaru
  9047 | D:9      | Found a staircase to the Orcish Mines.
  9121 | D:9      | Reached XP level 11. HP: 44/75 MP: 15/15
  9463 | D:9      | Found a flagged portal.
  9503 | D:9      | Found Visit's Magic Scroll Shop.
  9512 | D:9      | Bought a scroll of enchant armour for 75 gold pieces
  9547 | D:9      | Noticed a red ugly thing
  9577 | D:9      | Slain by a red ugly thing

Illustrated notes

Levels and vault maps discovered:
D:1:      dpeg_arrival_erosion, layout_loops_corners, lemuel_old_faithful
D:2:      layout_loops_ring, shapermc_ecumenical_altar_mp_ritualfount
D:3:      kennysheep_six_static_rooms, layout_basic, makhleb_altar_promises_db,
          uniq_sigmund
D:4:      layout_basic, minmay_temple_entry_overgrown,
          gammafunk_ghost_gnarly_gnolls
D:5:      layout_loops_ring, xom_teletrap_fun
D:6:      layout_basic, ebering_ghost_xom, kennysheep_generic_room_3,
          uniq_prince_ribbit1
D:7:      layout_cave_pools, nicolae_dithmenos_the_darkroom, grunt_ministairs_14
D:8:      layout_basic, serial_shops, shop, shop, columned_hall_lemuel,
          uniq_maggie
D:9:      layout_roguey, general_overflow_altar, zombieorc2_lemuel,
          serial_shops, nicolae_square_shop,
          nicolae_shop_temple_entry_statues_fountains, nicolae_square_shop,
          kennysheep_mini_moat, enter_bailey_6
Temple:   nicolae_temple_x_marks_the_god

Skill      XL: |  1  2  3  4  5  6  7  8  9 10 |
---------------+-------------------------------+-----
Shields        | 4 5 6 7 8 9 |  9.6
Long Blades    | 3 4 5 6 7 9 10 | 10.7
Armour         | 4 5 6 7 8 |  8.8
Invocations    | 1 4 6 |  6.5
Fighting       | |  3.2

Action                   |  1- 3 |  4- 6 |  7- 9 | 10-12 || total
-------------------------+-------+-------+-------+-------++-------
Melee: Long sword        |    93 |    97 |   189 |   195 ||   574
  Use: Scroll            |       |       |     9 |     2 ||    11
       Potion            |       |       |       |    11 ||    11
Armor: Scale mail        |    36 |    53 |    58 |       ||   147
       Chain mail        |       |       |    15 |    80 ||    95
       Skin              |       |       |       |     2 ||     2
Dodge: Dodged            |    35 |    52 |    55 |    64 ||   206
Block: Buckler           |    22 |    19 |    56 |    79 ||   176
       Kite shield       |       |       |       |     5 ||     5

Table legend: (Time is in decaauts)
 A = Elapsed time spent in this place.
 B = Non-inter-level travel time spent in this place.
 C = Inter-level travel time spent in this place.
 D = Time resting spent in this place.
 E = Time spent auto-exploring this place.
 F = Levels seen in this place.
 G = Mean time per level.
                   A        B        C        D        E       F      G
               +--------+--------+--------+--------+--------+-----+--------+
         Total |   9621 |   9469 |    152 |   1661 |   6179 |  10 |  962.1 |
       Dungeon |   9572 |   9420 |    152 |   1661 |   6147 |   9 | 1063.6 |
        Temple |     48 |     48 |      0 |      0 |     32 |   1 |   48.0 |
               +--------+--------+--------+--------+--------+-----+--------+

Top non-repeatable levels by time:
     D:6: 1513 daAuts
     D:7: 1319 daAuts
     D:1: 1295 daAuts
     D:4: 1141 daAuts
     D:3: 957 daAuts
     D:5: 940 daAuts
     D:8: 910 daAuts
     D:2: 894 daAuts
     D:9: 600 daAuts
  Temple: 48 daAuts
